 Dungeon Sprint DCSS version 0.18.1-48-g4cf74bf (webtiles) character file.

367 Groucho the Slinger (level 7, -8/48 HPs)
             Began as a Halfling Hunter on June 28, 2016.
             Was a Follower of Qazlal.
             Mangled by a merfolk (glowing shapeshifter) (13 damage)
             ... in the Dungeon (Sprint V: "Ziggurat Sprint").
             The game lasted 00:02:46 (252 turns).

Groucho the Slinger (Halfling Hunter)                Turns: 252, Time: 00:02:47

Health: -8/48      AC: 32    Str: 26    XL:     7   Next: 1%
Magic:  11/11      EV:  5    Int: 10    God:    Qazlal [*.....]
Gold:   0          SH: 32    Dex: 15    Spells: 0 memorised, 6 levels left

rFire  + . .     SeeInvis .     M - +8 lance "Wyrmbane" {slay drac, +Rage rPois rF+ AC+5}
rCold  . . .     Gourm    .     c - +15 Maxwell's patent armour {-Cast -Tele rElec MR+ rCorr}
rNeg   + . .     Faith    .     L - +18 shield of the gong {rElec rN+ MR+ EV-5}
rPois  +         Spirit   .     (no helmet)
rElec  +         Dismiss  .     (no cloak)
rCorr  +         Reflect  .     (no gloves)
SustAt .         Harm     .     (no boots)
MR     ++...     NoTele   +     (no amulet)
Stlth  .......... NoCast   +    G - +6 ring of strength
                                F - +6 ring of strength

@: very slightly contaminated, hasted, drained, very quick, very resistant to
hostile enchantments, extremely unstealthy
A: mutation resistance 1
a: Renounce Religion, Evoke Berserk Rage


You were in the Dungeon.
You worshipped Qazlal.
Qazlal was aware of your devotion.
You were not hungry.

You visited 1 branch

Inventory:

Hand Weapons
 a - a +5 greatsling
 M - the +8 lance "Wyrmbane" (weapon) {slay drac, +Rage rPois rF+ AC+5}
   (You found it in the Dungeon)

   It affects your AC (+5).
   It protects you from fire.
   It protects you from poison.
   It lets you go berserk.
Missiles
 d - 1020 sling bullets
Armour
 c - the +15 Maxwell's patent armour (worn) {-Cast -Tele rElec MR+ rCorr}
   (You found it in the Dungeon)

   It insulates you from electricity.
   It affects your resistance to hostile enchantments.
   It prevents spellcasting.
   It prevents most forms of teleportation.
   It protects you from acid and corrosion.
 l - a +5 gold dragon armour
 L - the +18 shield of the gong (worn) {rElec rN+ MR+ EV-5}
   (You found it in the Dungeon)

   It affects your evasion (-5).
   It insulates you from electricity.
   It protects you from negative energy.
   It affects your resistance to hostile enchantments.
Jewellery
 y - a +6 ring of dexterity
 C - a +6 ring of dexterity
 D - a +6 ring of intelligence
 E - a +6 ring of intelligence
 F - a +6 ring of strength (left hand)
 G - a +6 ring of strength (right hand)
Wands
 H - a wand of disintegration (7/24)
 I - a wand of iceblast (5/15)
 J - a wand of lightning (5/15)
 K - a wand of acid (5/15)
Scrolls
 k - 4 scrolls of blinking
 o - 4 scrolls of amnesia
 p - 3 scrolls of recharging
 q - 7 scrolls of fog
 r - a scroll of holy word
 s - 5 scrolls of identify
 t - 5 scrolls of remove curse
 u - 2 scrolls of fear
Potions
 e - 9 potions of curing
 g - 8 potions of heal wounds
 h - 5 potions of haste
 i - 7 potions of magic
 j - 3 potions of berserk rage
 v - 2 potions of brilliance
 w - 2 potions of invisibility
 x - 4 potions of resistance
 z - a potion of experience
 A - 5 potions of agility
 B - 5 potions of might
Comestibles
 f - 5 bread rations
 m - 42 fruits
 n - 4 meat rations


   Skills:
 + Level 4.2(3.9) Fighting
 * Level 10.4(10.1) Slings
 * Level 6.7(6.4) Armour
 + Level 5.1(4.8) Dodging
 - Level 1.1(0.8) Stealth
 * Level 6.5(6.2) Shields
 * Level 6.6(6.3) Invocations


You had 6 spell levels left.
You didn't know any spells.

Dungeon Overview and Level Annotations

Branches:
Dungeon (1/1)

Altars:
Ashenzari
Cheibriados
Dithmenos
Elyvilon
Fedhas
Gozag
Kikubaaqudgha
Makhleb
Nemelex Xobeh
Okawaru
Pakellas
Qazlal
Ru
Sif Muna
Trog
Vehumet
Xom
Yredelemnul
Zin
The Shining One
Beogh
Jiyva
Lugonu


Innate Abilities, Weirdness & Mutations

You are small and have problems with some larger weapons.
You are somewhat resistant to further mutation.


Message History

The merfolk hits you but does no damage.
The hell rat bites you but does no damage.
The war axe of venom hits you!
* * * LOW HITPOINT WARNING * * *
The deep elf mage hits you but does no damage.
You closely miss the deep elf mage.
The deep elf mage is lightly wounded.
You block the hell rat's attack.
BONNNG!
You block the demonic crawler's attack.
GONNNNG!
You block the demonic crawler's attack.
SHROANNG!
You block the demonic crawler's attack.
GONNNNG!
The hell rat barely misses you.
The hell rat is engulfed in roaring flames.
The hell rat bites you but does no damage.
The merfolk hits you!
You die...

▓▓▓▓▓▓▓▓▓▓▓▓▓▓▓▓▓▓▓
▓.8©8.▓.8©8.▓.8©8.▓
▓.))[.▓.}||.▓.....▓
▓..:e.▓...§.▓.}.:.▓
▓..4..▓.....▓.....▓
▓.r(m.▓.....▓...†.▓
▓4s@r.▓.....▓.....▓
▓.err.▓.....▓▓▓▓▓▓▓
▓▓▓▓▓▓▓▓▓▓▓▓▓


You could see a demonic crawler, a merfolk shaped shifter, 2 ice devils, 2 deep
elf magi, 4 hell rats and a war axe of venom.

Vanquished Creatures
  A tarantella (D)
  A phantom (D)
  A necrophage (D)
  A scorpion (D)
  A giant gecko zombie (D)
5 creatures vanquished.

Notes
Turn   | Place    | Note
--------------------------------------------------------------
     0 | D        | Groucho the Halfling Hunter began the quest for the Orb.
     0 | D        | Reached XP level 1. HP: 14/14 MP: 1/1
     6 | D        | Found a radiant altar of Vehumet.
     6 | D        | Found an iron altar of Okawaru.
     6 | D        | Found a shimmering altar of Xom.
     6 | D        | Found a burning altar of Makhleb.
    11 | D        | Found a deep blue altar of Sif Muna.
    13 | D        | Found a bloodstained altar of Trog.
    14 | D        | Found a corrupted altar of Lugonu.
    14 | D        | Found a white marble altar of Elyvilon.
    14 | D        | Found a roughly hewn altar of Beogh.
    14 | D        | Found a sparkling altar of Nemelex Xobeh.
    14 | D        | Found a viscous altar of Jiyva.
    96 | D        | Became a worshipper of Qazlal Stormbringer
   110 | D        | Entered arena 1.
   110 | D        | Noticed a tarantella
   110 | D        | Noticed a scorpion
   120 | D        | Killed a tarantella
   120 | D        | Reached skill level 8 in Slings
   120 | D        | Reached XP level 2. HP: 14/21 MP: 1/5
   120 | D        | Reached XP level 3. HP: 18/26 MP: 1/6
   120 | D        | Reached XP level 4. HP: 21/31 MP: 1/7
   120 | D        | Reached XP level 5. HP: 25/36 MP: 1/8
   125 | D        | Reached skill level 9 in Slings
   125 | D        | Reached skill level 5 in Armour
   125 | D        | Reached skill level 5 in Shields
   125 | D        | Reached skill level 5 in Invocations
   125 | D        | Reached XP level 6. HP: 30/42 MP: 1/10
   211 | D        | Entered arena 2.
   211 | D        | Noticed a phantom
   211 | D        | Noticed a necrophage
   221 | D        | Killed a phantom
   221 | D        | Reached * piety under Qazlal
   225 | D        | Killed a necrophage
   225 | D        | Reached skill level 10 in Slings
   225 | D        | Reached skill level 5 in Dodging
   225 | D        | Reached XP level 7. HP: 48/48 MP: 11/11
   232 | D        | Entered arena 3.
   232 | D        | Noticed a war axe of venom
   232 | D        | Noticed a deep elf mage
   232 | D        | Noticed a faun
   232 | D        | Noticed a deep elf mage
   234 | D        | Noticed a deep troll
   234 | D        | a faun changed into a deep troll
   236 | D        | Noticed a demonic crawler
   236 | D        | Noticed a water nymph
   236 | D        | a deep troll changed into a water nymph
   237 | D        | Noticed a merfolk
   237 | D        | a water nymph changed into a merfolk
   243 | D        | Noticed an ice devil
   248 | D        | Noticed an ice devil
   252 | D        | Mangled by a merfolk (glowing shapeshifter)

Skill      XL: |  1  2  3  4  5  6 |
---------------+-------------------+-----
Fighting       | 3 4 |  4.2
Slings         | 8 9 10 | 10.4
Armour         | 4 5 6 |  6.7
Dodging        | 4 5 |  5.1
Shields        | 4 5 6 |  6.5
Invocations    | 4 5 6 |  6.6
Stealth        | |  1.1

Action                   |  1- 3 |  4- 6 |  7- 9 || total
-------------------------+-------+-------+-------++-------
Melee: Lance             |     9 |    18 |    18 ||    45
  Use: Potion            |     1 |       |     3 ||     4
Armor: Plate armour      |     9 |     5 |    50 ||    64
Dodge: Dodged            |       |     1 |    17 ||    18
Block: Shield            |    16 |    31 |    77 ||   124
